 Dungeon Crawl Stone Soup version 0.20.1-1-g8b1a95d (webtiles) character file.

4422 Monsterracer the Destroyer (level 10, -3/77 HPs)
             Began as a Barachi Wizard on Aug 22, 2017.
             Was a Believer of Vehumet.
             Slain by a wolf (6 damage)
             ... led by Grum
             ... on level 8 of the Dungeon.
             The game lasted 00:33:59 (11502 turns).

Monsterracer the Destroyer (Barachi Wizard)        Turns: 11502, Time: 00:34:00

Health: -3/77      AC:  7    Str:  8    XL:     10   Next: 36%
Magic:  8/21       EV: 12    Int: 27    God:    Vehumet [**....]
Gold:   326        SH:  0    Dex: 12    Spells: 12/24 levels left

rFire    . . .     SeeInvis .   l - +4 short sword (distort)
rCold    . . .     Gourm    .   (no shield)
rNeg     . . .     Faith    .   a - +0 robe
rPois    +         Spirit   .   b - +1 hat
rElec    .         Reflect  .   z - +2 cloak
rCorr    .         Harm     .   v - +0 pair of gloves
MR       .....                  (no boots)
Stlth    ++........             (no amulet)
Regen    0.3/turn               f - ring of poison resistance
MPRegen  0.2/turn               p - +6 ring of intelligence

@: can't hop, slow
A: +LOS, swims, slowness 1, strong legs 1
a: Hop, Renounce Religion


You were on level 8 of the Dungeon.
You worshipped Vehumet.
Vehumet was pleased with you.
You were not hungry.

You visited 2 branches of the dungeon, and saw 9 of its levels.

You collected 326 gold pieces.

Inventory:

Hand Weapons
 l - a +4 short sword of distortion (weapon)
 m - a +2 rapier of venom
Armour
 a - a +0 robe (worn)
 b - a +1 hat (worn)
 r - a +4 ring mail of fire resistance
 v - a +0 pair of gloves (worn)
 z - a +2 cloak (worn)
 B - a +0 buckler
Jewellery
 f - a ring of poison resistance (left hand)
 p - a +6 ring of intelligence (right hand)
Wands
 c - a wand of flame (48/48)
 u - a wand of lightning (5/15)
 y - a wand of flame (19/48)
Scrolls
 j - 5 scrolls of remove curse
 k - 4 scrolls of recharging
 n - a scroll of fog
 q - a scroll of identify
 C - a scroll of magic mapping
Potions
 e - 2 potions of lignification
 g - 3 potions of might
 i - a potion of brilliance
 s - a potion of resistance
 w - a potion of mutation
 x - a potion of ambrosia
Comestibles
 d - 6 bread rations
 h - 3 meat rations
 o - 3 royal jellies


   Skills:
 + Level 6.6 Fighting
 - Level 2.1 Dodging
 - Level 1.7 Stealth
 + Level 7.8 Spellcasting
 * Level 11.5 Conjurations
 - Level 1.2 Summonings
 - Level 1.1 Translocations
 + Level 5.7 Ice Magic


You had 12 spell levels left.
You knew the following spells:

 Your Spells              Type           Power        Failure   Level  Hunger
a - Magic Dart            Conj           ####         1%          1    None
b - Conjure Flame         Conj/Fire      #####...     1%          3    None
c - Mephitic Cloud        Conj/Pois/Air  ####....     3%          3    None
d - Freeze                Ice            ####         1%          1    None
e - Blink                 Tloc           N/A          5%          2    None
f - Call Imp              Summ           ###.....     4%          2    None


Dungeon Overview and Level Annotations

Branches:
Dungeon (8/15)             Temple (1/1) D:4
   Lair: D:8-11

Altars:
Ashenzari
Cheibriados
Dithmenos
Elyvilon
Fedhas
Gozag
Hepliaklqana
Kikubaaqudgha
Makhleb
Nemelex Xobeh
Okawaru
Qazlal
Ru
Sif Muna
Trog
Uskayaw
Vehumet
Xom
Yredelemnul
Zin
The Shining One

Annotations:
D:8 Grum, Joseph


Innate Abilities, Weirdness & Mutations

Shadows flee at your approach. (+LOS)
You can swim through water.
You cover ground slowly.
You can hop short distances.


Message History

Huge Dmg: -13%(-10hp) hp: 21%(16hp)
The wolf barely misses you. The wolf bites you but does no damage.
The wolf bites you but does no damage. The wolf bites you!
* * * LOW HITPOINT WARNING * * *
Huge Dmg: -12%(-9hp) hp: 11%(8hp)
The wolf misses you.
Items here: ))) [[ รทรท
Okay, then.
Unknown command.
The wolf bites you.
* * * LOW HITPOINT WARNING * * *
You hear a zap.
You hear a grinding noise.
There is a stone staircase leading up, spattered with blood here.
You see here 2 sling bullets.
Huge Dmg: -8%(-6hp) hp: 3%(2hp)
Okay, then.
The wolf bites you.
You die...

..#.###.###.#### ..>##
##.......######### #..#
#.##.##...[...... ##.##
##.##.############
....###.###.#
..##...####.######
#.####...........#
#.g.z.........##.#
g.......g.......@######
#.####.###.z..Zh).>...#
...# ####.##.####.#
#.##.# #.#...# # #.#
#............. ..#
###...##...... #<#
##.## ..... #.. ..#
##.. #### .


You could see Grum, a wolf, a wight and a wyvern skeleton.

Vanquished Creatures
  The ghost of ThereIsNoGod the Covert, a novice OpAs of Ashenzari (D:8)
  The ghost of Alarak the Cleaver, a novice HOBe of Trog (D:7)
  Prince Ribbit (D:5)
  A hippogriff (D:8)
  The ghost of Overlord the Ruffian, an amateur TrMo (D:4)
  Duvessa (D:4)
  A water moccasin (D:8)
  A black bear (D:7)
  2 ice beasts
  2 orc warriors (D:8)
  2 ogres
  A wolf (D:8)
  3 centaurs (D:6)
  7 bullfrogs (D:6)
  A gnoll sergeant (D:8)
  Dowan (D:4)
  A scorpion (D:7)
  3 killer bees (D:7)
  5 crimson imps
  Crazy Yiuf (D:5)
  A hound (D:6)
  2 orc priests (D:7)
  2 jellies
  A bullfrog skeleton (D:5)
  3 orc wizards
  Jessica (D:3)
  Ijyb (D:4)
  Terence (D:2)
  3 worker ants
  Natasha (thrice) (D:3)
  7 gnolls
  7 adders
  A shadow imp (D:7)
  An ooze (D:4)
  2 adder skeletons
  5 worms
  A dart slug (D:3)
  8 leopard geckos
  25 orcs
  10 giant cockroaches
  11 goblins
  17 hobgoblins
  7 jackals
  4 quokkas (D:3)
  A ball python skeleton (D:4)
  7 bats
  6 frilled lizards
  6 kobolds
  8 rats
189 creatures vanquished.

Vanquished Creatures (collateral kills)
  A centaur (D:7)
1 creature vanquished.

Vanquished Creatures (others)
  An orc wizard (D:2)
  A shadow imp (D:5)
  An orc (D:7)
3 creatures vanquished.

Grand Total: 193 creatures vanquished

Notes
Turn   | Place    | Note
-------+----------+-------------------------------------------
     0 | D:1      | Monsterracer the Barachi Wizard began the quest for the Orb.
     0 | D:1      | Reached XP level 1. HP: 13/13 MP: 4/4
   212 | D:1      | Reached skill level 2 in Conjurations
   271 | D:1      | Reached XP level 2. HP: 19/19 MP: 1/6
   413 | D:1      | HP: 9/19 [jackal (2)]
   972 | D:1      | Reached skill level 3 in Conjurations
  1096 | D:1      | Reached XP level 3. HP: 24/24 MP: 4/7
  1718 | D:2      | HP: 10/24 [hobgoblin (4)]
  1877 | D:2      | Reached skill level 4 in Conjurations
  2022 | D:2      | Noticed Terence
  2030 | D:2      | Reached XP level 4. HP: 28/30 MP: 4/8
  2035 | D:2      | Learned a level 3 spell: Conjure Flame
  2039 | D:2      | Learned a level 3 spell: Mephitic Cloud
  2042 | D:2      | Learned a level 2 spell: Call Imp
  2340 | D:2      | Killed Terence
  2883 | D:3      | Reached skill level 5 in Conjurations
  2990 | D:3      | Reached XP level 5. HP: 33/35 MP: 7/9
  3021 | D:3      | Noticed Jessica
  3065 | D:3      | Killed Jessica
  3090 | D:3      | Noticed Natasha
  3094 | D:3      | Killed Natasha
  3266 | D:2      | HP: 16/35 [orc/flail (11)]
  3267 | D:2      | HP: 4/35 [orc/flail (12)]
  3742 | D:3      | Noticed Natasha
  3778 | D:3      | HP: 15/35 [Natasha/wand of flame (?/48) (3)]
  4153 | D:3      | Reached XP level 6. HP: 41/41 MP: 6/11
  4159 | D:3      | HP: 18/41 [something/magic dart (4)]
  4167 | D:2      | Reached skill level 6 in Conjurations
  4535 | D:3      | Killed Natasha
  4540 | D:3      | Learned a level 2 spell: Blink
  4874 | D:3      | Noticed Natasha
  4878 | D:3      | Killed Natasha
  5070 | D:4      | Noticed Overlord's ghost (amateur TrMo)
  5343 | D:4      | HP: 20/41 [Overlord's ghost (5)]
  5349 | D:4      | HP: 20/41 [crimson imp (1)]
  5631 | D:4      | Killed Overlord's ghost
  5631 | D:4      | Reached skill level 7 in Conjurations
  5631 | D:4      | Reached XP level 7. HP: 32/46 MP: 2/14
  5715 | D:4      | Noticed Duvessa
  5715 | D:4      | Noticed Dowan
  5726 | D:4      | Killed Dowan
  5733 | D:4      | Noticed Ijyb
  5738 | D:4      | HP: 23/46 [poisoned by Duvessa]
  5744 | D:4      | HP: 17/46 [poisoned by Duvessa]
  5749 | D:4      | HP: 13/46 [poisoned by Duvessa]
  5755 | D:4      | HP: 11/46 [poisoned by Duvessa]
  5762 | D:4      | HP: 10/46 [poisoned by Duvessa]
  5770 | D:4      | HP: 9/46 [poisoned by Duvessa]
  5794 | D:4      | Killed Duvessa
  5794 | D:4      | Reached skill level 5 in Spellcasting
  6184 | D:4      | Found a staircase to the Ecumenical Temple.
  6267 | Temple   | Entered the Ecumenical Temple
  6363 | Temple   | Became a worshipper of Vehumet
  6703 | D:4      | HP: 23/47 [Ijyb/wand of lightning (?/15) (24)]
  6708 | D:4      | HP: 1/47 [Ijyb/wand of lightning (?/15) (23)]
  6732 | D:4      | Killed Ijyb
  6732 | D:4      | Reached skill level 1 in Fighting
  7056 | D:5      | Entered Level 5 of the Dungeon
  7098 | D:5      | Reached skill level 8 in Conjurations
  7189 | D:5      | Noticed Prince Ribbit
  7194 | D:5      | HP: 24/49 [Prince Ribbit (13)]
  7196 | D:5      | HP: 9/49 [Prince Ribbit (15)]
  7450 | D:5      | Reached XP level 8. HP: 56/56 MP: 8/16
  7460 | D:5      | Killed Prince Ribbit
  7559 | D:5      | HP: 27/57 [ogre/giant club (16)]
  7723 | D:5      | Found a runed door.
  7727 | D:5      | Noticed Crazy Yiuf
  7736 | D:5      | Killed Crazy Yiuf
  7970 | D:5      | Reached skill level 9 in Conjurations
  8197 | D:6      | Reached * piety under Vehumet
  8197 | D:6      | Offered knowledge of Freeze by Vehumet.
  8208 | D:6      | Learned a level 1 spell: Freeze
  8509 | D:6      | Reached skill level 1 in Ice Magic
  8692 | D:6      | Reached XP level 9. HP: 49/65 MP: 6/18
  9067 | D:6      | Reached skill level 10 in Conjurations
  9084 | D:6      | HP: 32/66 [centaur (6)]
  9894 | D:7      | Reached skill level 5 in Fighting
 10468 | D:7      | Got a shimmering leather armour
 10479 | D:7      | Identified the +1 leather armour of Ykomn {+Inv rN+ MP-9 Str+6} (You found it on level 7 of the Dungeon)
 10633 | D:7      | Noticed Alarak's ghost (novice HOBe)
 10645 | D:7      | HP: 32/68 [Alarak's ghost (7)]
 10647 | D:7      | Killed Alarak's ghost
 10647 | D:7      | Reached skill level 11 in Conjurations
 10647 | D:7      | Reached XP level 10. HP: 34/76 MP: 4/20
 11082 | D:8      | Noticed Joseph
 11085 | D:8      | Noticed ThereIsNoGod's ghost (novice OpAs)
 11200 | D:7      | Reached skill level 5 in Ice Magic
 11201 | D:7      | Reached ** piety under Vehumet
 11214 | D:7      | Offered knowledge of Flame Tongue by Vehumet.
 11233 | D:8      | Killed ThereIsNoGod's ghost
 11463 | D:8      | Noticed Grum
 11483 | D:8      | HP: 33/77 [wyvern skeleton (11)]
 11494 | D:8      | HP: 26/77 [wolf[Grum] (5)]
 11499 | D:8      | HP: 8/77 [wolf[Grum] (9)]
 11501 | D:8      | HP: 2/77 [wolf[Grum] (6)]
 11502 | D:8      | Slain by a wolf

Skill      XL: |  1  2  3  4  5  6  7  8  9 10 |
---------------+-------------------------------+-----
Conjurations   | 2 3 4 5 7 8 9 11 | 11.5
Spellcasting   | 4 5 6 7 |  7.8
Fighting       | 1 4 5 6 |  6.6
Ice Magic      | 2 4 5 |  5.7
Dodging        | |  2.1
Stealth        | |  1.7
Summonings     | |  1.2
Translocations | |  1.1

Action                   |  1- 3 |  4- 6 |  7- 9 | 10-12 || total
-------------------------+-------+-------+-------+-------++-------
Melee: Unarmed           |    10 |       |       |       ||    10
       Short sword       |    29 |    41 |    74 |    13 ||   157
 Cast: Magic Dart        |    58 |   139 |   237 |    28 ||   462
       Conjure Flame     |       |     8 |     6 |     5 ||    19
       Mephitic Cloud    |       |     2 |    12 |     5 ||    19
       Blink             |       |     2 |     1 |       ||     3
       Call Imp          |       |     2 |     1 |     1 ||     4
       Freeze            |       |       |    40 |    27 ||    67
 Abil: Hop               |       |     2 |     2 |     1 ||     5
  Use: Scroll            |       |    12 |     8 |     1 ||    21
       Potion            |       |       |     1 |       ||     1
 Stab: Sleeping          |       |       |     2 |       ||     2
       Confused          |       |       |     1 |       ||     1
  Eat: Chunk             |     4 |    11 |    14 |     3 ||    32
       Royal jelly       |       |       |     2 |       ||     2
Armor: Robe              |     9 |     6 |    34 |    14 ||    63
Dodge: Dodged            |    39 |    34 |    79 |    31 ||   183
